 Dungeon Crawl Stone Soup version 0.31-a0-700-gf13585253f (webtiles) character file.

Game seed: 7262792880326349319

24 runemasterragnar the Ruffian (level 2, 0/31 HPs)
             Began as a Demonspawn Shapeshifter on Sept 7, 2023.
             Slain by Jessica
             ... wielding a +0 club
              (4 damage)
             ... on level 2 of the Dungeon.
             The game lasted 00:01:00 (744 turns).

runemasterragnar the Ruffian (DsSh)                  Turns: 744, Time: 00:01:01

Health: 0/31       AC: 21    Str: 14    XL:     2   Next: 79%
Magic:  2/2        EV:  2    Int: 13    God:
Gold:   72         SH:  0    Dex: 12    Spells: 1/1 levels left

rFire   . .          .
                       - Unarmed
rCold   . . .        (no shield)
rNeg    . . .        a - melded +0 animal skin
rPois   +            (helmet currently unavailable)
rElec   .            (cloak currently unavailable)
rCorr   .            (gloves currently unavailable)
SInv    .            (boots currently unavailable)
Will    .....        (no amulet)
Stlth   +            (no ring)
HPRegen 0.25/turn    (no ring)
MPRegen 0.08/turn

%: no passive effects
@: lethally poisoned (0 -> -4), tree-form, slowed, very slow
A: stationary, stasis, torment immunity, boosted hp, big brain 1
a: no special abilities


You were on level 2 of the Dungeon.
You were a tree.
You visited 1 branch of the dungeon, and saw 2 of its levels.

You collected 72 gold pieces.

Inventory:

Missiles
 h - 10 boomerangs
Armour
 a - a +0 animal skin (melded)
Magical Staves
 i - a staff of cold
Talismans
 c - a beast talisman
 d - a flux talisman
 f - a serpent talisman
Scrolls
 e - a scroll of identify {unknown}
 g - 2 scrolls of fear {unknown}


   Skills:
 + Level 1.6 Fighting
 + Level 2.1 Dodging
 + Level 3.0 Unarmed Combat
 + Level 2.9 Shapeshifting


You had one spell level left.
You didn't know any spells.
Your spell library was empty.

Dungeon Overview and Level Annotations

Branches:
Dungeon (2/15)

Altars:

Annotations:
D:2 Jessica


Innate Abilities, Weirdness & Mutations

You are a tree.
Your roots penetrate the ground, keeping you stationary.
You cannot be teleported.
You are immune to unholy pain and torment.
Your maximum health is greatly increased.
Your equipment is partially melded.
You have an unusually large brain. (Int +2)


Message History

The dart slug is almost dead.
You hit the dart slug.
You kill the dart slug!
Your Unarmed Combat skill increases to level 3!
No target in view!
HP restored.
Jessica and a goblin come into view.
The goblin is wielding a +5 dagger of venom.
Jessica shouts!
The goblin shouts!
Jessica gestures at you while chanting.
You feel yourself slow down.
There are monsters nearby!
Jessica gestures wildly.
Jessica is nearby!
The goblin hits you with a +5 dagger of venom.
You are poisoned.
Jessica casts a spell at you. Pain shoots through your body!
The goblin barely misses you.
Jessica points at you and mumbles some strange words.
Pain shoots through your body!
You hit Jessica.
Jessica is lightly wounded.
You feel very sick. The goblin closely misses you.
Jessica hits you with a +0 club.
* * * LOW HITPOINT WARNING * * *
There is a lethal amount of poison in your body!
You are too injured to fight recklessly!
You are too injured to fight recklessly!
There is a lethal amount of poison in your body!
You are too injured to fight recklessly!
You are too injured to fight recklessly!
Unknown command.
Your transformation has ended.
You turn into a tree.
Your +0 animal skin melds into your body.
Your roots penetrate the ground.
* * * LOW HITPOINT WARNING * * *
You feel sick. The goblin hits you but does no damage.
Jessica hits you but does no damage. Jessica hits you with a +0 club.
You die...

#.##.### #.# #.##....
####.###### #.######
#..... ...# ##.##
##..#.# #..###...#####
##.....# #..##.........
.#......###..#.........#
.~P~.............<......
~~~PPP@♣.##..#.........#
P~~~~.g#.##..##........#
~~≈≈~.......†##......#.#
♣♣♣≈~PP......##.###..#.#
♣~~~.#.#.####.# #.....
♣P♣♣~~....# #.. .....#
~PPP~♣P~#..# ##. ###


PPPPP~♣PP..# P#P~~PP.## You could see Jessica and a goblin.

Vanquished Creatures
  A dart slug (D:2)
  4 bats (D:1)
  2 endoplasms (D:1)
  2 goblins (D:1)
  A hobgoblin (D:1)
  A quokka (D:1)
  2 ball pythons (D:1)
  A frilled lizard (D:1)
  4 kobolds (D:1)
  5 rats
23 creatures vanquished.

Notes
Turn   | Place    | Note
-------+----------+-------------------------------------------
     0 | D:1      | runemasterragnar the Demonspawn Shapeshifter began the
                  | quest for the Orb.
     0 | D:1      | Reached XP level 1. HP: 15/15 MP: 1/1
   221 | D:1      | Gained mutation: You have an unusually large brain. (Int
                  | +2) [demonic ancestry]
   221 | D:1      | Reached XP level 2. HP: 21/21 MP: 2/2
   737 | D:2      | Reached skill level 3 in Unarmed Combat
   739 | D:2      | Noticed Jessica
   744 | D:2      | Slain by Jessica

Illustrated notes

Levels and vault maps discovered:
D:1:      grunt_arrival_crossed_arrows, layout_loops_ring
D:2:      layout_loops_corners, basic_altar, serial_rivers,
          chequers_serial_rivers_small_a, chequers_serial_rivers_micro_d,
          chequers_serial_rivers_marsh, chequers_serial_rivers_small_b,
          chequers_serial_rivers_small_b, serial_bayou_lagoon_a, nicolae_titane,
          uniq_jessica, uniq_natasha

Skill      XL: |  1  2 |
---------------+-------+-----
Dodging        | 2 |  2.1
Unarmed Combat | 3 |  3.0
Fighting       | |  1.6
Shapeshifting  | |  2.9

Action                     || total
---------------------------++-------
  Melee: Unarmed           ||    55
    Use: Potion            ||     1
 Armour: Animal skin       ||    20
         Skin              ||     3
  Dodge: Dodged            ||    34

Table legend: (Time is in decaauts)
 A = Elapsed time spent in this place.
 B = Non-inter-level travel time spent in this place.
 C = Inter-level travel time spent in this place.
 D = Time resting spent in this place.
 E = Time spent auto-exploring this place.
 F = Levels seen in this place.
 G = Mean time per level.
                   A        B        C        D        E       F      G
               +--------+--------+--------+--------+--------+-----+--------+
         Total |    743 |    703 |     40 |      0 |    555 |   2 |  371.5 |
       Dungeon |    743 |    703 |     40 |      0 |    555 |   2 |  371.5 |
               +--------+--------+--------+--------+--------+-----+--------+

Top non-repeatable levels by time:
     D:1: 681 daAuts
     D:2: 61 daAuts
